 Dungeon Crawl Stone Soup version 0.17-a0-1719-g1afd5a1 (webtiles) character file.

6171 shakdrar the Grappler (level 10, -1/93 HPs)
             Began as a Troll Monk on Aug 28, 2015.
             Was a High Priest of Dithmenos.
             Slain by a blink frog (11 damage)
             ... on level 1 of the Lair of Beasts.
             The game lasted 00:46:21 (8791 turns).

shakdrar the Grappler (Troll Monk)                  Turns: 8791, Time: 00:46:22

Health: -1/93      AC:  6    Str: 21    XL:     10   Next: 60%
Magic:  13/13      EV: 10    Int:  6    God:    Dithmenos [*****.]
Gold:   469        SH:  0    Dex: 15    Spells: 0 memorised, 9 levels left

rFire  . . .     SeeInvis .       - Unarmed
rCold  . . .     Clarity  .     a - +1 robe
rNeg   . . .     SustAt   .     (no shield)
rPois  .         Gourm    +     (helmet restricted)
rElec  .         Spirit   .     (no cloak)
rCorr  .         Warding  .     (gloves unavailable)
rMut   .         Stasis   .     (boots unavailable)
MR     .....                    (no amulet)
Stlth  ++++......               (no ring)
                                (no ring)

@: wreathed by umbra, not resistant to hostile enchantments, stealthy
A: unfitting armour, claws 3, fast metabolism 3, gourmand, regeneration 2,
shaggy fur 1, tough skin 2
a: Shadow Step, Shadow Form, Renounce Religion


You were on level 1 of the Lair of Beasts.
You worshipped Dithmenos.
Dithmenos was extremely pleased with you.
You were hungry.

You visited 3 branches of the dungeon, and saw 11 of its levels.
You also visited: Sewer.

You collected 469 gold pieces.

Inventory:

Hand weapons
 j - a cursed -3 blowgun
Missiles
 c - 35 poisoned needles
 n - 4 needles of paralysis
Armour
 a - a +1 robe (worn)
 r - a +0 shield
Jewellery
 h - an uncursed amulet of rage
 o - a +2 ring of dexterity
Magical devices
 C - a wand of cold (7)
 D - a wand of frost (39)
Scrolls
 f - 2 scrolls of teleportation
 g - a scroll of recharging
 p - 3 scrolls of identify
 q - 2 scrolls of remove curse
 s - a scroll of enchant weapon
 t - 2 scrolls of fear
 x - a scroll of amnesia
 y - a scroll of fog
 z - a scroll of magic mapping
Potions
 e - 5 potions of brilliance
 i - 2 potions of curing
 u - 3 potions of haste
 v - 2 potions of might
Books
 m - a book of Dreams

   Spells                             Type                      Level
   a - Ensorcelled Hibernation        Hexes/Ice                    2
   b - Phase Shift                    Translocation                5
   c - Shadow Creatures               Summoning                    5
   d - Silence                        Hexes/Air                    5
   e - Darkness                       Hexes                        6
   f - Mass Confusion                 Hexes                        6
 w - a book of Maledictions

   Spells                             Type                      Level
   a - Corona                         Hexes                        1
   b - Ensorcelled Hibernation        Hexes/Ice                    2
   c - Confuse                        Hexes                        3
   d - Tukima's Dance                 Hexes                        3
   e - Dazzling Spray                 Conjuration/Hexes            3
 A - a book of Clouds

   Spells                             Type                      Level
   a - Mephitic Cloud                 Conjuration/Poison/Air       3
   b - Conjure Flame                  Conjuration/Fire             3
   c - Poisonous Cloud                Conjuration/Poison/Air       6
   d - Freezing Cloud                 Conjuration/Ice/Air          6
   e - Ring of Flames                 Charms/Fire                  7
 B - a book of Minor Magic

   Spells                             Type                      Level
   a - Magic Dart                     Conjuration                  1
   b - Blink                          Translocation                2
   c - Call Imp                       Summoning                    2
   d - Repel Missiles                 Charms/Air                   2
   e - Slow                           Hexes                        2
   f - Conjure Flame                  Conjuration/Fire             3
   g - Mephitic Cloud                 Conjuration/Poison/Air       3
Comestibles
 b - 7 bread rations
 d - a slice of pizza
 k - 5 meat rations
 l - 12 fruits
 E - a beef jerky


   Skills:
 + Level 4.3 Fighting
 - Level 2.4 Dodging
 - Level 6.4 Stealth
 * Level 10.6 Unarmed Combat
 - Level 6.0 Invocations
 - Level 3.0 Evocations


You had 9 spell levels left.
You didn't know any spells.

Dungeon Overview and Level Annotations

Branches:
Dungeon (9/15)             Temple (1/1) D:4            Lair (1/8) D:8
    Orc: D:9-12

Altars:
Dithmenos
Elyvilon
Gozag
Makhleb

Annotations:
Lair:1 Alipheese's ghost, powerful NaTm; Fannar


Innate Abilities, Weirdness & Mutations

You are too large for most types of armour.
You have claws for hands.
Your metabolism is lightning-fast.
You like to eat raw meat.
You heal very quickly.
You are covered in fur (AC +1).
You have very tough skin (AC +2).


Message History

* * * LOW HITPOINT WARNING * * *
The blink frog blinks!
Drink which item? (? for menu, Esc to quit)
You feel better. The blink frog closely misses you.
The blink frog blinks!
The blink frog completely misses you. The blink frog misses you.
You claw the blink frog!
The blink frog is heavily wounded.
The blink frog blinks!
The blink frog barely misses you.
The blink frog blinks!
You miss the blink frog. The blink frog hits you!
* * * LOW HITPOINT WARNING * * *
You mangle the blink frog!!
The blink frog is almost dead.
The blink frog hits you!
* * * LOW HITPOINT WARNING * * *
The blink frog blinks!
You claw the blink frog!
You kill the blink frog!
Dithmenos accepts your kill. The blink frog hits you!
You die...

#..........#..............###
#.........###............)#
#.........# #...........
#.........# #.......F...
#.........# #..######...
#.........# #..P# F
#...###..F###..#####.
#...###...[##.†...>...
#..........F@.........
#.....................
#P########.##..####### ##
#######


You could see 2 blink frogs.

Vanquished Creatures
  The ghost of shakdrar the Grappler, an experienced TrMo of Makhleb (D:8)
  Pikel (D:7)
  A spiny frog (Lair:1)
  3 blink frogs (Lair:1)
  Prince Ribbit (D:7)
  Eustachio (D:5)
  2 sky beasts (D:6)
  4 ogres
  2 black bears
  3 centaurs
  2 orc warriors
  2 ice beasts
  2 big kobolds (Sewer)
  A gnoll sergeant (D:3)
  5 giant frogs
  A wyvern skeleton (D:9)
  4 scorpions
  8 wights
  2 crimson imps
  2 centaur zombies
  2 giant frog skeletons (D:7)
  A quasit (D:8)
  6 orc priests
  A giant frog zombie (D:7)
  4 hounds
  3 jellies
  Ijyb (D:3)
  4 iguanas
  6 orc wizards
  A centaur skeleton (D:9)
  8 worker ants
  A killer bee zombie (D:7)
  2 hound zombies
  Robin (D:2)
  A river rat (D:4)
  12 adders
  11 gnolls
  2 oozes
  2 adder zombies (D:7)
  3 adder skeletons
  6 worms
  28 orcs
  7 ball pythons (Sewer)
  6 giant cockroaches
  25 goblins
  11 hobgoblins
  4 quokkas
  4 bats
  A giant cockroach zombie (D:6)
  8 giant geckos
  A giant newt (D:1)
  7 jackals
  A jackal zombie (D:6)
  10 kobolds
  A quokka zombie (D:4)
  11 rats
251 creatures vanquished.

Vanquished Creatures (others)
  A fungus (Lair:1)
1 creature vanquished.

Grand Total: 252 creatures vanquished

Notes
Turn   | Place    | Note
--------------------------------------------------------------
     0 | D:1      | shakdrar the Troll Monk began the quest for the Orb.
     0 | D:1      | Reached XP level 1. HP: 22/22 MP: 0/0
   234 | D:1      | Reached XP level 2. HP: 29/29 MP: 1/1
   240 | D:1      | Gained mutation: Your mind is acute. (Int +2) [potion of mutation]
   240 | D:1      | Gained mutation: Your body sometimes deteriorates upon taking damage. [potion of mutation]
   240 | D:1      | Gained mutation: You have a somewhat thin skeletal structure (Dex +2, Stealth). [potion of mutation]
   974 | D:2      | Reached XP level 3. HP: 26/36 MP: 2/2
   999 | D:2      | Found a shadowy altar of Dithmenos.
  1014 | D:2      | Became a worshipper of Dithmenos the Shadowed
  1014 | D:2      | Acquired Dithmenos's first power
  1047 | D:2      | Lost mutation: Your mind is acute. (Int +2) [potion of cure mutation]
  1047 | D:2      | Lost mutation: Your body sometimes deteriorates upon taking damage. [potion of cure mutation]
  1047 | D:2      | Lost mutation: You have a somewhat thin skeletal structure (Dex +2, Stealth). [potion of cure mutation]
  1491 | D:2      | Noticed Robin
  1497 | D:2      | Reached skill level 5 in Unarmed Combat
  1518 | D:2      | Killed Robin
  1518 | D:2      | Reached XP level 4. HP: 23/45 MP: 3/3
  1881 | D:3      | Reached XP level 5. HP: 31/53 MP: 4/4
  2056 | D:3      | Reached skill level 6 in Unarmed Combat
  2236 | D:3      | Reached XP level 6. HP: 53/62 MP: 5/5
  2238 | D:3      | Acquired Dithmenos's second power
  2493 | D:3      | Noticed Ijyb
  2505 | D:3      | Killed Ijyb
  2892 | D:4      | Reached skill level 1 in Invocations
  3019 | D:4      | Reached skill level 7 in Unarmed Combat
  3019 | D:4      | Reached XP level 7. HP: 12/70 MP: 7/7
  3264 | D:4      | Found a glowing drain.
  3268 | Sewer    | Entered a sewer
  3750 | D:4      | Reached skill level 8 in Unarmed Combat
  3945 | D:4      | Acquired Dithmenos's third power
  4198 | D:4      | Found a staircase to the Ecumenical Temple.
  4204 | Temple   | Entered the Ecumenical Temple
  4428 | D:5      | Entered Level 5 of the Dungeon
  4685 | D:5      | Noticed Eustachio
  4710 | D:5      | Killed Eustachio
  4710 | D:5      | Reached XP level 8. HP: 62/78 MP: 9/9
  4918 | D:6      | Reached skill level 9 in Unarmed Combat
  4927 | D:6      | Found an opulent altar of Gozag.
  5386 | D:6      | Reached skill level 10 in Unarmed Combat
  5489 | D:7      | Reached XP level 9. HP: 84/84 MP: 10/10
  5661 | D:7      | Noticed Prince Ribbit
  5666 | D:7      | Killed Prince Ribbit
  6212 | D:7      | Reached skill level 5 in Stealth
  6471 | D:7      | Acquired Dithmenos's fourth power
  6490 | D:7      | Noticed Pikel
  6500 | D:7      | Killed Pikel
  7131 | D:8      | Found a staircase to the Lair.
  7201 | D:8      | Reached XP level 10. HP: 88/92 MP: 12/12
  7215 | D:8      | Noticed shakdrar's ghost (experienced TrMo)
  7243 | D:8      | Killed shakdrar's ghost
  7243 | D:8      | Reached skill level 5 in Invocations
  7865 | D:9      | Reached skill level 1 in Evocations
  8494 | Lair:1   | Entered Level 1 of the Lair of Beasts
  8501 | Lair:1   | Noticed Fannar
  8515 | Lair:1   | Noticed Alipheese's ghost (powerful NaTm)
  8791 | Lair:1   | Slain by a blink frog

Vault maps used:
D:1:      saegor_arrival_simple_c
D:2:      nicolae_dithmenos_shadow_blocks, first_bread, uniq_robin
D:3:      uniq_iyjb
D:4:      kennysheep_the_goblin_king, minmay_temple_entry_enclosed_plants,
          gup_sewer_entry_spiral
D:5:      eino_tiny_chamber, minmay_holes, uniq_eustachio
D:6:      grunt_ministairs_3, nicolae_gozag_seed_capital
D:7:      uniq_prince_ribbit1, uniq_pikel
D:8:      lair_0_dummy
Temple:   grunt_circular_temple_18
Lair:1:   minmay_stone_trees_small, uniq_erica, uniq_fannar
Sewer:    sewer_co_15_rooms

Action                   |  1- 3 |  4- 6 |  7- 9 | 10-12 || total
-------------------------+-------+-------+-------+-------++-------
Melee: Unarmed           |   105 |   130 |   395 |   123 ||   753
  Use: Scroll            |     5 |       |     7 |     6 ||    18
       Potion            |     6 |     2 |     3 |     7 ||    18
 Stab: Sleeping          |     3 |     4 |    14 |     5 ||    26
       Distracted        |       |       |     1 |     1 ||     2
  Eat: Chunk             |    15 |    18 |    36 |     7 ||    76
       Royal jelly       |       |       |     1 |       ||     1
